 Dungeon Crawl Stone Soup version 0.13-a0-2350-g4422b0a (webtiles) character file.

104 Lekart the Ducker (level 3, 0/30 HPs)
             Began as a Draconian Chaos Knight on July 11, 2013.
             Was a Plaything of Xom.
             Slain by Sigmund
             ... wielding a +2,+2 scythe
              (11 damage)
             ... on Level 2 of the Dungeon.
             The game lasted 00:04:38 (766 turns).

Lekart the Ducker (Draconian Chaos Knight)           Turns: 766, Time: 00:04:38

HP   0/30        AC  5     Str 11 (14) XL: 3   Next: 35%
MP   3/3         EV 22     Int 12      God: Xom
Gold 62          SH  0     Dex 16      Spells:  0 memorised,  2 levels left

Res.Fire  : . . .   See Invis. : .   a - +0 mace (chaos)
Res.Cold  : . . .   Warding    : .   (armour unavailable)
Life Prot.: . . .   Conserve   : .   (no shield)
Res.Poison: .       Res.Corr.  : .   (helmet restricted)
Res.Elec. : .       Clarity    : .   (no cloak)
Sust.Abil.: . .     Spirit.Shd : .   (no gloves)
Res.Mut.  : .       Stasis     : .   (boots unavailable)
Res.Rott. : .       Flight     : .   (no amulet)
Saprovore : . . .                    (no ring)
                                     (no ring)

@: appendage (expiring), agile, not resistant to hostile enchantments, stealthy
A: unfitting armour, talons 3, AC +5
a: End Transformation, Renounce Religion


You were on level 2 of the Dungeon.
You worshipped Xom.
You were a toy of Xom.
You were not hungry.
You had grown temporary talons.
You visited 1 branch of the dungeon, and saw 2 of its levels.

You collected 42 gold pieces.

Inventory:

Hand weapons
 a - a +0,+0 mace of chaos (weapon)
Comestibles
 c - 3 bread rations
 j - a pear
Scrolls
 b - 2 scrolls of remove curse {unknown}
 f - 2 scrolls of fear {unknown}
 h - a scroll of fog {unknown}
 l - a scroll of teleportation {unknown}
 m - a scroll of identify {unknown}
 n - a scroll of enchant weapon II {unknown}
Potions
 g - 2 potions of magic {unknown}
 i - 2 potions of confusion {unknown}
 k - a potion of might {unknown}


   Skills:
 - Level 3.2 Fighting
 - Level 3.0 Maces & Flails
 + Level 7.2 Dodging


You had 2 spell levels left.
You didn't know any spells.

Dungeon Overview and Level Annotations

Branches:
Dungeon (2/27)

Altars:
Elyvilon

Annotations
D:2 Sigmund


Innate Abilities, Weirdness & Mutations

Your plain brown scales are hard (AC +5).
Your body does not fit into most forms of armour.
Your cold-blooded metabolism reacts poorly to cold.
You have claws for feet.


Message History

Sigmund flickers and vanishes!
Deactivating autopickup; reactivate with Ctrl-A.
No target in view!
You barely miss it. Your kick misses it. You tail-slap it.
It barely misses you.
You closely miss it. You claw it. It hits you.
You closely miss it. Your kick misses it. It hits you.
Drink which item? (? for menu, Esc to quit)
There was something very wrong with that liquid!
You feel weakened.
It was a potion of degeneration.
It hits you but does no damage.
Drink which item? (? for menu, Esc to quit)
You feel more agile all of a sudden.
It was a potion of agility.
Xom is highly amused!
You hit it but do no damage. You tail-slap it.
You hear some strange, mumbled words.
The puff of flame misses you. It hits you!
You die... "Boring in life, boring in death..."

##. #... #..# ##+#
#..# ##...#
#..#### #.....#
#..... .......##
#.#.##
.........###....##
........@'.......#
.........###....##
.......## #.#.##
#.....# #.###
##...# #.#####
##+# #.....# .
#####.# #.# #.#
##.## #.#


There were no monsters in sight!

Vanquished Creatures
  A worm (D:2)
  6 bats
  5 hobgoblins
  3 kobolds (D:1)
  A giant newt (D:1)
  A goblin (D:1)
  7 rats
24 creatures vanquished.

Notes
Turn   | Place    | Note
--------------------------------------------------------------
     0 | D:1      | Lekart, the Draconian Chaos Knight, began the quest for the Orb.
     0 | D:1      | Reached XP level 1. HP: 17/17 MP: 1/1
    63 | D:1      | XOM: potion effect (experience)
    63 | D:1      | Reached skill level 7 in Dodging
    63 | D:1      | Reached XP level 2. HP: 22/24 MP: 2/2
   182 | D:1      | XOM: divination: magic mapping
   431 | D:1      | Reached XP level 3. HP: 28/30 MP: 3/3
   477 | D:1      | XOM: harmless Hex miscast
   668 | D:2      | Found a white marble altar of Elyvilon.
   712 | D:2      | XOM: divination: magic mapping
   746 | D:2      | XOM: mild Summ miscast
   755 | D:2      | Noticed Sigmund
   766 | D:2      | Slain by Sigmund

Action                   || total
-------------------------++-------
Melee: Mace              ||    75
  Use: Potion            ||     2
 Stab: Confused          ||     1
